 Dungeon Crawl Stone Soup version 0.25-b1-41-g1964123 (webtiles) character file.

Game seed: 3864069085920710528

131 cerri the Ruffian (level 4, -6/35 HPs)
             Began as a Draconian Transmuter on June 8, 2020.
             Mangled by an ice beast (7 damage)
             ... on level 3 of the Dungeon.
             The game lasted 00:21:14 (3882 turns).

cerri the Ruffian (Draconian Transmuter)            Turns: 3882, Time: 00:21:15

Health: -6/35      AC:  5    Str: 13    XL:     4   Next: 91%
Magic:  8/8        EV: 12    Int: 13    God:
Gold:   111        SH:  0    Dex: 12    Spells: 2/8 levels left

rFire    . . .     SeeInvis .     - Unarmed
rCold    . . .     Gourm    .   (no shield)
rNeg     . . .     Faith    .   (armour unavailable)
rPois    .         Spirit   .   (helmet restricted)
rElec    .         Reflect  .   (no cloak)
rCorr    .         Harm     .   (no gloves)
MR       .....                  (no boots)
Stlth    +.........             n - amulet of the acrobat
HPRegen  0.11/turn              (no ring)
MPRegen  0.11/turn              (no ring)

@: appendage (expiring), slowed, very slow
A: unfitting armour, horns 2, cold-blooded, AC +5
a: End Transformation


You were on level 3 of the Dungeon.
You were very hungry.
You had grown temporary horns.
You visited 1 branch of the dungeon, and saw 4 of its levels.

You collected 111 gold pieces.

Inventory:

Hand Weapons
 b - a +0 short sword
 d - a +0 short sword
 e - a cursed -3 whip
 i - a cursed -2 club
 j - a +0 dagger
 k - a +0 mace
 q - a +0 dagger
Missiles
 a - 15 arrows
 g - 31 bolts
 l - 22 stones (quivered)
Armour
 o - a +0 robe
Jewellery
 n - an amulet of the acrobat (around neck)
Scrolls
 r - a scroll of remove curse {unknown}
Potions
 c - a potion of mutation {unknown}
 f - a potion of heal wounds {unknown}
 h - 2 potions of curing
 p - a potion of might {unknown}


   Skills:
 + Level 1.1 Fighting
 + Level 2.2 Dodging
 + Level 0.4 Stealth
 * Level 4.1 Unarmed Combat
 + Level 2.9 Spellcasting
 + Level 3.0 Transmutations


You had 2 spell levels left.
You knew the following spells:

 Your Spells              Type           Power        Failure   Level  Hunger
a - Beastly Appendage     Tmut           #.....       7%          1    #......
b - Sticks to Snakes      Tmut           #.......     11%         2    ###....
c - Spider Form           Tmut/Pois      #.........   36%         3    ###....

Your spell library contained the following spells:

 Spells                   Type           Power        Failure   Level  Hunger
 Ice Form                 Ice/Tmut       #.......     77%         4    #####..
 Blade Hands              Tmut           #.........   88%         5    ######.


Dungeon Overview and Level Annotations

Branches:
Dungeon (4/15)
 Temple: D:4-7

Altars:


Innate Abilities, Weirdness & Mutations

Your plain brown scales are hard. (AC +5)
You cannot fit into any form of body armour.
You are cold-blooded and may be slowed by cold attacks.
You have a pair of horns on your head.


Message History

The ice beast completely misses you.
You hit the ice beast but do no damage. You tail-slap the ice beast.
The ice beast is heavily wounded.
The ice beast barely misses you.
You hit the ice beast.
The ice beast is severely wounded.
The ice beast hits you. The ice beast freezes you!
You feel yourself slow down.
* * * LOW HITPOINT WARNING * * *
You hit the ice beast but do no damage.
The ice beast is severely wounded.
The ice beast barely misses you. The ice beast completely misses you.
You barely miss the ice beast.
You tail-slap the ice beast, but do no damage.
Your punch misses the ice beast.
The ice beast is severely wounded.
You feel yourself speed up. The ice beast hits you.
* * * LOW HITPOINT WARNING * * *
The ice beast freezes you!
You feel yourself slow down.
You die...

..# #............# ..#
#..#######...#### ..#
##.# #...'..# ..#
####.#### #...##.# .
#.......# #...##.# .
#.......# ###.##.# #
#.......# #...##.#
##########.#####Y####.###
...........≈≈≈##@# #...#
#######≈≈≈≈≈≈≈≈≈## ####.#
...######≈≈≈≈≈≈≈≈# #))..#
........###≈≈≈######)####
###....)..#####..))..###
#≈######......)........#
≈≈≈≈≈≈≈###.....#######.#
≈≈≈≈≈##..#######.......#
≈≈≈≈###..........#######


You could see an ice beast.

Vanquished Creatures
  2 adders (D:2)
  3 worms (D:2)
  2 dart slugs
  A leopard gecko (D:1)
  3 ball pythons
  3 giant cockroaches (D:2)
  A goblin (D:2)
  6 hobgoblins
  2 jackals (D:3)
  15 kobolds
  5 bats
  2 frilled lizards
  5 rats
50 creatures vanquished.

Vanquished Creatures (collateral kills)
  A big kobold (D:3)
  2 bats
  2 giant cockroaches
  2 hobgoblins
  2 jackals (D:3)
  3 kobolds
  3 frilled lizards
  A rat (D:2)
16 creatures vanquished.

Grand Total: 66 creatures vanquished

Notes
Turn   | Place    | Note
-------+----------+-------------------------------------------
     0 | D:1      | cerri the Draconian Transmuter began the quest for the Orb.
     0 | D:1      | Reached XP level 1. HP: 16/16 MP: 3/3
   146 | D:1      | Reached XP level 2. HP: 9/23 MP: 3/5
   378 | D:1      | Learned a level 2 spell: Sticks to Snakes
  1431 | D:2      | Reached XP level 3. HP: 28/28 MP: 0/6
  2026 | D:2      | Learned a level 3 spell: Spider Form
  2647 | D:3      | Reached skill level 4 in Unarmed Combat
  2675 | D:3      | Reached XP level 4. HP: 35/35 MP: 0/7
  2907 | D:3      | Noticed a big kobold
  2917 | D:3      | Noticed a big kobold
  3230 | D:3      | Killed a big kobold
  3483 | D:3      | Noticed an ice beast
  3882 | D:3      | HP: 1/35 [ice beast (4)]
  3882 | D:3      | Mangled by an ice beast

Illustrated notes

Levels and vault maps discovered:
D:1:      lemuel_arrival_lava_pool, layout_rooms
D:2:      layout_basic, minmay_tromino_mix6
D:3:      cheibrodos_thug_alley, layout_basic, due_unseen_surprise
D:4:      layout_gridville, minmay_temple_entry_purple_smoke, first_ration,
          nicolae_ru_great_annihilating_truth

Skill      XL: |  1  2  3  4 |
---------------+-------------+-----
Dodging        | 2 |  2.2
Unarmed Combat | 4 |  4.1
Transmutations | 3 |  3.0
Fighting       | |  1.1
Stealth        | |  0.4
Spellcasting   | |  2.9

Action                   |  1- 3 |  4- 6 || total
-------------------------+-------+-------++-------
Melee: Unarmed           |    92 |    87 ||   179
       Tailslap          |    11 |    10 ||    21
       Kick              |    11 |     9 ||    20
       Headbutt          |     9 |     3 ||    12
       Punch             |     1 |     1 ||     2
 Cast: Beastly Appendage |    29 |    16 ||    45
       Sticks to Snakes  |    13 |    15 ||    28
  Use: Scroll            |     3 |       ||     3
  Eat: Ration            |     2 |     1 ||     3
       Chunk             |       |     1 ||     1
Armor: Skin              |    13 |    42 ||    55
Dodge: Dodged            |    63 |   169 ||   232
